 Dungeon Crawl Stone Soup version 0.23.2-33-g5129a83184 (webtiles) character file.

Game seed: 3605217516605094406

200 shadizar the Digger (level 5, 0/28 HPs)
             Began as a Gargoyle Earth Elementalist on June 30, 2019.
             Killed from afar by an orc wizard (10 damage)
             ... with a magic dart
             ... on level 3 of the Dungeon.
             The game lasted 00:08:14 (3268 turns).

shadizar the Digger (Gargoyle Earth Elementalist)   Turns: 3268, Time: 00:08:14

Health: 0/28       AC:  6    Str: 11    XL:     5   Next: 78%
Magic:  5/11       EV: 12    Int: 17    God:
Gold:   106        SH:  0    Dex: 10    Spells: 11/12 levels left

rFire    . . .     SeeInvis .   r - +0 mace
rCold    . . .     Gourm    .   (no shield)
rNeg     + . .     Faith    .   c - +0 robe
rPois    ∞         Spirit   .   (no helmet)
rElec    +         Reflect  .   (no cloak)
rCorr    .         Harm     .   (no gloves)
MR       .....                  (no boots)
Stlth    ++........             (no amulet)
HPRegen  0.09/turn              (no ring)
MPRegen  0.12/turn              (no ring)

@: no status effects
A: negative energy resistance 1, electricity resistance, unbreathing,
petrification resistance, rot immunity, AC +4
a: no special abilities


You were on level 3 of the Dungeon.
You were not hungry.

You visited 1 branch of the dungeon, and saw 3 of its levels.

You collected 106 gold pieces.

Inventory:

Hand Weapons
 r - a +0 mace (weapon)
Missiles
 b - 67 stones (quivered)
Armour
 c - a +0 robe (worn)
 o - a +0 leather armour
Scrolls
 a - a scroll of enchant armour {unknown}
 e - a scroll of fog {unknown}
 h - a scroll of immolation {unknown}
 i - 3 scrolls of identify {unknown}
 j - a scroll of remove curse {unknown}
 n - a scroll of random uselessness {unknown}
Potions
 g - a potion of haste {unknown}
 k - a potion of curing {unknown}
 m - 2 potions of flight {unknown}
 q - a potion of heal wounds {unknown}
Comestibles
 d - 3 rations
 f - 2 chunks of flesh


   Skills:
 - Level 1.5 Dodging
 - Level 2.1 Stealth
 + Level 4.0 Spellcasting
   Level 0.7 Transmutations
 + Level 5.9 Earth Magic


You had 11 spell levels left.
You knew the following spells:

 Your Spells              Type           Power        Failure   Level  Hunger
a - Sandblast             Erth           ###...       1%          1    None

Your spell library contained the following spells:

 Spells                   Type           Power        Failure   Level  Hunger
 Passwall                 Tmut/Erth      ##......     6%          2    ##.....
 Stone Arrow              Conj/Erth      ##....       14%         3    ###....
 Petrify                  Tmut/Erth      ##......     36%         4    ####...
 Lee's Rapid Deconstruct  Erth           ###.......   36%         5    ######.


Dungeon Overview and Level Annotations

Branches:
Dungeon (3/15)

Altars:


Innate Abilities, Weirdness & Mutations

You are resistant to torment.
Your stone body is resilient. (AC +4)
You are immune to poison.
You resist negative energy. (rN+)
You are resistant to electric shocks. (rElec)
You can survive without breathing.
You are immune to petrification.
You are immune to rotting.


Message History

The blast of sand hits the orc priest.
The orc priest is almost dead.
b - 68 stones The orc priest hits you.
Casting: Sandblast (safe; 1% risk of failure)
Confirm with . or Enter, or press ? or * to list all spells.
Aiming: Sandblast (safe; 1% risk of failure)
Press: ? - help, Shift-Dir - straight line, f/p - orc priest
Aim: an orc priest, wearing a +0 ring mail (almost dead)
The blast of sand hits the orc priest!
You kill the orc priest!
Your Spellcasting skill increases to level 4!
b - 67 stones A magic dart appears from out of thin air!
The magic dart hits you but does no damage.
You hear some strange, mumbled words.
Something tries to affect you, but you resist.
A magic dart appears from out of thin air!
The magic dart hits you!
You die...

############ #..........#
#..........# ######
#.........>###....#
#.................############
#..........###................
#..........###........).#
#.................#####...####
÷)..............@..# ##.....
.#..####)#####.....#### #....
##...# #...# #.....{..## #....
## ####.# ###.###....###..#
#.... .. # #.###
#.......#####.# ...#.# #
##...#####.......###[## #...# #
#.....####.....#......######...
#
#.###....#.....######.)÷.......
# #.# ####.###....# ##.....###.


There were no monsters in sight!

Vanquished Creatures
  An orc priest (D:3)
  A bullfrog skeleton (D:3)
  Terence (D:3)
  A worker ant (D:3)
  2 adders (D:3)
  A worm (D:3)
  3 dart slugs
  2 leopard geckos
  2 orcs (D:3)
  10 bats
  2 giant cockroaches (D:1)
  6 goblins
  8 hobgoblins
  8 jackals
  7 kobolds
  A ball python (D:2)
  8 frilled lizards
  2 rats
66 creatures vanquished.

Notes
Turn   | Place    | Note
-------+----------+-------------------------------------------
     0 | D:1      | shadizar the Gargoyle Earth Elementalist began the quest
                  | for the Orb.
     0 | D:1      | Reached XP level 1. HP: 10/10 MP: 3/3
   564 | D:1      | Reached XP level 2. HP: 5/15 MP: 5/5
   567 | D:1      | Reached skill level 4 in Earth Magic
  1182 | D:1      | Reached XP level 3. HP: 9/19 MP: 4/6
  2133 | D:3      | Reached skill level 5 in Earth Magic
  2133 | D:3      | Reached XP level 4. HP: 8/24 MP: 2/8
  2740 | D:3      | Noticed Terence
  2855 | D:3      | Killed Terence
  2855 | D:3      | Reached XP level 5. HP: 24/28 MP: 3/10
  3150 | D:3      | Found a faded altar of an unknown god.
  3268 | D:3      | Killed from afar by an orc wizard

Skill      XL: |  1  2  3  4  5 |
---------------+----------------+-----
Earth Magic    | 4 5 |  5.9
Spellcasting   | 3 4 |  4.0
Dodging        | |  1.5
Stealth        | |  2.1
Transmutations | |  0.7

Action                   |  1- 3 |  4- 6 || total
-------------------------+-------+-------++-------
Melee: Unarmed           |    68 |       ||    68
       Hand axe          |    92 |       ||    92
       Club              |    56 |    80 ||   136
       Mace              |       |    16 ||    16
 Cast: Sandblast         |    20 |    20 ||    40
 Stab: Sleeping          |     5 |       ||     5
  Eat: Chunk             |     4 |     4 ||     8
Armor: Robe              |   114 |    55 ||   169
Dodge: Dodged            |   283 |    92 ||   375
